 Dungeon Crawl Stone Soup version 0.30-a0-253-g6b895097cc (webtiles) character file.

Game seed: 16758525519025028428

26 BritishOli the Trooper (level 2, 0/24 HPs)
             Began as a Demonspawn Fighter on Oct 13, 2022.
             Slain by a goblin
             ... wielding a +0 dagger of speed
             ... led by Robin
              (2 damage)
             ... on level 2 of the Dungeon.
             The game lasted 00:00:25 (365 turns).

BritishOli the Trooper (Demonspawn Fighter)          Turns: 365, Time: 00:00:26

Health: 0/24       AC:  6    Str: 16    XL:     2   Next: 89%
Magic:  2/2        EV:  8    Int:  9    God:
Gold:   42         SH:  4    Dex: 12    Spells: 1/1 levels left

rFire   . . .      SeeInvis .    a - +0 long sword
rCold   . . .      Faith    .    c - +0 buckler
rNeg    . . .      Spirit   .    b - +0 scale mail
rPois   .          Reflect  .    (helmet restricted)
rElec   .          Harm     .    (no cloak)
rCorr   .          Rampage  .    (no gloves)
Will    .....                    (no boots)
Stlth   ..........               (no amulet)
HPRegen 0.24/turn                (no ring)
MPRegen 0.08/turn                (no ring)

@: mighty
A: antennae 1
a: no special abilities


You were on level 2 of the Dungeon.
You visited 1 branch of the dungeon, and saw 2 of its levels.

You collected 42 gold pieces.

Inventory:

Hand Weapons
 a - a +0 long sword (weapon)
Armour
 b - a +0 scale mail (worn)
 c - a +0 buckler (worn)
Scrolls
 f - a scroll of immolation {unknown}
 h - a scroll of vulnerability {unknown}
Potions
 e - a potion of heal wounds {unknown}
 g - a potion of curing {unknown}


   Skills:
 + Level 3.3 Fighting
 + Level 2.1 Long Blades
 + Level 3.0 Armour
 + Level 3.0 Shields


You had one spell level left.
You didn't know any spells.
Your spell library contained the following spells:

 Spells                   Type           Power      Damage    Failure   Level
 Apportation              Tloc           0%         N/A       88%         1
 Necrotise                Necr           0%         1d4       88%         1
 Summon Small Mammal      Summ           0%         N/A       88%         1
 Dazzling Flash           Conj/Hex       0%         N/A       99%         3
 Iskenderun's Mystic Bla  Conj/Tloc      0%         2d3       100%        4
 Starburst                Conj/Fire      0%         6d3       100%        6


Dungeon Overview and Level Annotations

Branches:
Dungeon (2/15)

Altars:

Annotations:
D:2 Robin


Innate Abilities, Weirdness & Mutations

You have a pair of small antennae on your head.


Message History

The goblin hits you but does no damage. x2
You closely miss the goblin.
The goblin is moderately wounded.
The goblin hits you with a +0 dagger of speed.
The goblin barely misses you. The goblin hits you with a +0 club. x2
The goblin barely misses you.
The goblin hits you with a +0 dagger of speed.
The goblin hits you but does no damage.
You are too injured to fight recklessly!
Unknown command.
You are too injured to fight recklessly!
Unknown command.
You feel very mighty all of a sudden. The goblin hits you with a +0 club.
The goblin closely misses you. The goblin barely misses you.
The goblin hits you with a +0 dagger of speed.
* * * LOW HITPOINT WARNING * * *
The goblin closely misses you.
You are too injured to fight recklessly!
You are too injured to fight recklessly!
You are too injured to fight recklessly!
You hit the goblin.
You kill the goblin!
You block the goblin's attack. The goblin barely misses you. x2
The goblin hits you but does no damage.
You barely miss the goblin. The goblin hits you but does no damage.
You block the goblin's attack. The goblin completely misses you.
The hobgoblin hits you but does no damage.
The goblin hits you with a +0 dagger of speed.
* * * LOW HITPOINT WARNING * * *
The goblin hits you but does no damage. The hobgoblin barely misses you.
The goblin closely misses you. The goblin hits you with a +0 club.
* * * LOW HITPOINT WARNING * * *
You block the goblin's attack.
You miss the goblin. You block the goblin's attack.
The goblin barely misses you. x2; You block the hobgoblin's attack.
A kobold comes into view. It is wielding a +0 dagger.
The goblin hits you but does no damage.
The goblin hits you with a +0 dagger of speed.
You die...

..............)[......#
#.#.#################.#
#.#.# #.# #.#.# #.#
....# #.# ....#
############## ...##
#....gg....... #.#####
#...ggg.....K. #.#...#
#...g@gg...... ....#.#
#...#######... ..#...#
#...# ####.## ####...#
# #.# #..'...#
####.####.##...#
.....†.....#...#
####.#######...# # #†#
#.....


You could see Robin, 2 hobgoblins, 5 goblins and a kobold.

Vanquished Creatures
  An adder (D:2)
  An endoplasm (D:1)
  A giant cockroach (D:2)
  3 goblins (D:2)
  2 hobgoblins
  2 kobolds (D:2)
  A ball python (D:2)
  3 bats (D:2)
  3 frilled lizards (D:2)
  A rat (D:2)
18 creatures vanquished.

Notes
Turn   | Place    | Note
-------+----------+-------------------------------------------
     0 | D:1      | BritishOli the Demonspawn Fighter began the quest for the
                  | Orb.
     0 | D:1      | Reached XP level 1. HP: 18/18 MP: 1/1
    10 | D:1      | Noticed a merfolk zombie
    14 | D:1      | Noticed a demonspawn zombie
    16 | D:1      | Noticed a minotaur zombie
    18 | D:1      | Noticed a demonspawn zombie
    92 | D:1      | You fall into a shaft and drop 1 floor!
   166 | D:2      | Gained mutation: You have a pair of small antennae on your
                  | head. [demonic ancestry]
   166 | D:2      | Reached XP level 2. HP: 24/24 MP: 2/2
   356 | D:2      | Noticed Robin
   365 | D:2      | Slain by a goblin

Illustrated notes

Levels and vault maps discovered:
D:1:      shiori_arrival_whats_in_store_for_you, layout_loops_ring,
          hellmonk_ecumenical_altar_leap_of_faith, minmay_misc_feat_diagonals
D:2:      layout_loops_ring, kennysheep_path_1, uniq_robin

Skill      XL: |  1  2 |
---------------+-------+-----
Long Blades    | 2 |  2.1
Armour         | 3 |  3.0
Shields        | 3 |  3.0
Fighting       | |  3.3

Action                   || total
-------------------------++-------
Melee: Long sword        ||    43
  Use: Potion            ||     1
Armor: Scale mail        ||    33
Dodge: Dodged            ||    36
Block: Buckler           ||    15

Table legend: (Time is in decaauts)
 A = Elapsed time spent in this place.
 B = Non-inter-level travel time spent in this place.
 C = Inter-level travel time spent in this place.
 D = Time resting spent in this place.
 E = Time spent auto-exploring this place.
 F = Levels seen in this place.
 G = Mean time per level.
                   A        B        C        D        E       F      G
               +--------+--------+--------+--------+--------+-----+--------+
         Total |    379 |    379 |      0 |      0 |    267 |   2 |  189.5 |
       Dungeon |    379 |    379 |      0 |      0 |    267 |   2 |  189.5 |
               +--------+--------+--------+--------+--------+-----+--------+

Top non-repeatable levels by time:
     D:2: 285 daAuts
     D:1: 93 daAuts
